 Dungeon Crawl Stone Soup version 0.26-a0-264-g3a471323bd (webtiles) character file.

Game seed: 13221483409917800710

188 BritishOli the Skirmisher (level 5, 0/42 HPs)
             Began as a Demonspawn Fighter on July 11, 2020.
             Slain by Grinder (3 damage)
             ... while paralysed by Grinder
             ... on level 3 of the Dungeon.
             The game lasted 00:01:58 (3457 turns).

BritishOli the Skirmisher (Demonspawn Fighter)      Turns: 3457, Time: 00:01:58

Health: 0/42       AC: 17    Str: 17    XL:     5   Next: 39%
Magic:  5/5        EV:  2    Int:  9    God:
Gold:   111        SH:  0    Dex: 13    Spells: 4/4 levels left

rFire    . . .     SeeInvis .   a - +0 long sword
rCold    . . .     Faith    .   c - +0 kite shield
rNeg     . . .     Spirit   .   b - +0 scale mail
rPois    .         Reflect  .   (no helmet)
rElec    .         Harm     .   f - +0 cloak
rCorr    .                      (no gloves)
MR       .....                  (no boots)
Stlth    ..........             (no amulet)
HPRegen  0.14/turn              (no ring)
MPRegen  0.09/turn              (no ring)

@: paralysed, sanguine armour
A: sanguine armour 2
a: no special abilities


You were on level 3 of the Dungeon.
You were not hungry.

You visited 1 branch of the dungeon, and saw 3 of its levels.

You collected 111 gold pieces.

Inventory:

Hand Weapons
 a - a +0 long sword (weapon)
Armour
 b - a +0 scale mail (worn)
 c - a +0 kite shield (worn)
 f - a +0 cloak (worn)
Jewellery
 o - a cursed ring of attention {unknown}
Wands
 q - a wand of acid (9)
Scrolls
 e - 7 scrolls of amnesia {unknown}
 g - 2 scrolls of identify {unknown}
 h - 3 scrolls of teleportation {unknown}
 i - a scroll of fog {unknown}
 j - a scroll of blinking {unknown}
 l - a scroll of random uselessness {unknown}
 n - a scroll of enchant weapon {unknown}
Potions
 d - a potion of might
 k - 2 potions of curing {unknown}
 p - a potion of haste {unknown}
 r - a potion of degeneration {unknown}
Comestibles
 m - 5 rations


   Skills:
 + Level 4.0 Fighting
 + Level 3.0 Long Blades
 + Level 3.6 Armour
 + Level 3.6 Shields


You had 4 spell levels left.
You didn't know any spells.
Your spell library was empty.

Dungeon Overview and Level Annotations

Branches:
Dungeon (3/15)

Altars:
Nemelex Xobeh
Ru
Xom

Annotations:
D:3 Grinder


Innate Abilities, Weirdness & Mutations

When seriously injured, your bleeding wounds create thick armour. (AC +9)


Message History

Grinder is severely wounded.
Grinder gestures at you. Pain shoots through your body!
* * * LOW HITPOINT WARNING * * *
You hit Grinder.
Grinder is severely wounded.
Grinder gestures at you. You resist with significant effort.
Your shield and scale mail prevent you from hitting Grinder.
Grinder is severely wounded.
Grinder says, "DUCK!"
Grinder gestures at you.
You suddenly lose the ability to move!
Grinder drinks a potion.
Grinder is healed!
Grinder zaps a wand.
The puff of flame hits you but does no damage.
Grinder hits you!
* * * LOW HITPOINT WARNING * * *
You writhe in agony.
You die...

#.#.# #...........
#####.#.###.#...####.#
#.....†..........# #..
#.###.#.#####...## ###
###.###.#># ##..# #
......?.#.######..# #
#.......#.........# #
#.#.###.########+## #
# #@# ##...## # #5#
##.....## ..#
##.......## ...#
#.........### .....
+.........'.. ##...#
#.........### ##.##
#.......## #.
##.....## ##...##


You could see Grinder (corroded).

Vanquished Creatures
  Crazy Yiuf (D:2)
  2 orc wizards (D:3)
  A howler monkey skeleton (D:3)
  3 adders
  A worm (D:2)
  A dart slug (D:2)
  3 leopard geckos (D:1)
  An orc (D:3)
  8 bats
  2 giant cockroaches
  4 goblins
  10 hobgoblins
  5 jackals
  7 kobolds
  2 quokkas (D:2)
  3 frilled lizards
  5 rats
59 creatures vanquished.

Notes
Turn   | Place    | Note
-------+----------+-------------------------------------------
     0 | D:1      | BritishOli the Demonspawn Fighter began the quest for the
                  | Orb.
     0 | D:1      | Reached XP level 1. HP: 18/18 MP: 1/1
   117 | D:1      | Gained mutation: When seriously injured, your bleeding
                  | wounds create armour. (AC +9) [demonic ancestry]
   117 | D:1      | Reached XP level 2. HP: 22/24 MP: 2/2
  1066 | D:2      | Gained mutation: When seriously injured, your bleeding
                  | wounds create thick armour. (AC +9) [demonic ancestry]
  1066 | D:2      | Reached XP level 3. HP: 24/29 MP: 3/3
  1884 | D:2      | Reached XP level 4. HP: 35/35 MP: 4/4
  2172 | D:2      | Found a runed translucent door.
  2173 | D:2      | Noticed Crazy Yiuf
  2330 | D:2      | Killed Crazy Yiuf
  2709 | D:3      | Reached XP level 5. HP: 24/42 MP: 5/5
  3044 | D:3      | Found a shimmering altar of Xom.
  3044 | D:3      | Found a faded altar of an unknown god.
  3049 | D:3      | Found a sparkling altar of Nemelex Xobeh.
  3051 | D:3      | Found a sacrificial altar of Ru.
  3052 | D:3      | Found a faded altar of an unknown god.
  3180 | D:3      | Reached skill level 4 in Fighting
  3440 | D:3      | Noticed Grinder
  3455 | D:3      | Paralysed by Grinder for 6 turns
  3457 | D:3      | Slain by Grinder

Illustrated notes

Levels and vault maps discovered:
D:1:      dpeg_arrival_more_subterranean_lakeside_camping, layout_basic,
          nrook_mini_backslash, minmay_distorted
D:2:      layout_loops_ring, uniq_crazy_yiuf_cottage
D:3:      layout_loops_corners, fedhas_altar_4,
          chequers_temple_overflow_minitemple, first_ration, uniq_grinder

Skill      XL: |  1  2  3  4  5 |
---------------+----------------+-----
Long Blades    | 2 3 |  3.0
Armour         | 3 |  3.6
Shields        | 3 |  3.6
Fighting       | 4 |  4.0

Action                   |  1- 3 |  4- 6 || total
-------------------------+-------+-------++-------
Melee: Long sword        |   164 |   102 ||   266
Evoke: Wand              |       |     2 ||     2
  Eat: Ration            |     1 |     2 ||     3
Armor: Scale mail        |    87 |    66 ||   153
Dodge: Dodged            |    55 |    19 ||    74
Block: Kite shield       |    97 |    41 ||   138
       Rpst.: Long sword |    19 |     9 ||    28

Table legend:
 A = Non-vault XP
 B = Vault XP
 C = Vault XP percentage of total XP
 D = Non-vault monster count
 E = Vault monster count
 F = Vault count percentage of total count
                 A         B        C        D         E       F
            +---------+---------+-------+---------+---------+-------
      Total |     225 |      44 |  16.4 |      56 |       3 |   5.1
            +---------+---------+-------+---------+---------+-------
        D:1 |      34 |       4 |  10.5 |      17 |       2 |  10.5
        D:2 |      61 |      40 |  39.6 |      20 |       1 |   4.8
        D:3 |     130 |       0 |   0.0 |      19 |       0 |   0.0
            +---------+---------+-------+---------+---------+-------
